 Dungeon Crawl Stone Soup version 0.30-a0-996-ga6910c8ee8 (webtiles) character file.

Game seed: 17897019559653971497

1640 jasper the Conjurer (level 8, -8/68 HPs)
             Began as a Green Draconian Earth Elementalist on Apr 4, 2023.
             Was an Initiate of Vehumet.
             Shot with a bolt by an orc warrior (9 damage)
             ... in a bailey.
             The game lasted 00:06:11 (7032 turns).

jasper the Conjurer (DrEE)                          Turns: 7032, Time: 00:06:11

Health: -8/68      AC: 12    Str: 10    XL:     8   Next: 66%
Magic:  5/15       EV: 13    Int: 19    God:    Vehumet [......]
Gold:   406        SH:  0    Dex: 11    Spells: 10/16 levels left

rFire   . . .      SeeInvis .    c - +3 short sword (drain)
rCold   + . .      Faith    .    (no shield)
rNeg    . . .      Spirit   .    (body armour unavailable)
rPois   +          Reflect  .    (helmet restricted)
rElec   .          Rampage  .    (no cloak)
rCorr   .                        (no gloves)
Will    .....                    f - +1 pair of boots
Stlth   ++                       (no amulet)
HPRegen 0.31/turn                u - +4 ring of protection
MPRegen 0.14/turn                l - ring of protection from cold

@: no status effects
A: breathe noxious fumes, AC +6, unfitting armour, poison resistance,
cold-blooded
a: Breathe Noxious Fumes, Renounce Religion


You were in a bailey.
You worshipped Vehumet.
Vehumet was noncommittal.
You visited 2 branches of the dungeon, and saw 8 of its levels.
You also visited: Bailey.

You collected 406 gold pieces.

Inventory:

Hand Weapons
 c - a +3 short sword of draining (weapon)
 e - a +2 battleaxe of freezing
 v - a +0 spear
Missiles
 q - 4 javelins
Armour
 f - a +1 pair of boots (worn)
Jewellery
 l - a ring of protection from cold (right hand)
 u - a +4 ring of protection (left hand)
Wands
 m - a wand of roots (8)
 n - a wand of charming (5)
 t - a wand of mindburst (20)
Scrolls
 j - 2 scrolls of enchant weapon
 s - a scroll of brand weapon {unknown}
Potions
 a - a potion of magic
 b - 3 potions of curing
 d - a potion of resistance
 g - a potion of ambrosia
 h - 2 potions of mutation {unknown}
 k - a potion of flight {unknown}
 o - 2 potions of heal wounds {unknown}
 p - a potion of lignification {unknown}
 r - a potion of brilliance {unknown}


   Skills:
 + Level 5.0 Fighting
 + Level 4.5 Dodging
 - Level 1.7 Stealth
 + Level 4.7 Spellcasting
 * Level 6.0 Conjurations
 - Level 1.0 Transmutations
 - Level 5.0 Earth Magic


You had 10 spell levels left.
You knew the following spells:

 Your Spells              Type           Power      Damage    Failure   Level
a - Sandblast             Erth           46%        2d11      1%          1
b - Passwall              Tmut/Erth      12%        N/A       5%          2
c - Stone Arrow           Conj/Erth      50%        3d10      4%          3

Your spell library contained the following spells:

 Spells                   Type           Power      Damage    Failure   Level
 Magic Dart               Conj           100%       1d8       1%          1
 Searing Ray              Conj           54%        2d6       1%          2
 Inner Flame              Hex/Fire       4%         N/A       36%         3
 Fulminant Prism          Conj/Hex       7%         3d6       36%         4
 Petrify                  Tmut/Erth      15%        N/A       36%         4
 Cause Fear               Hex            2%         N/A       77%         4
 Discord                  Hex            2%         N/A       100%        8


Dungeon Overview and Level Annotations

Branches:
Dungeon (7/15)             Temple (1/1) D:6          Bailey (1/1)

Altars:
Ashenzari
Cheibriados
Hepliaklqana
Makhleb
Sif Muna
Vehumet
Xom
Yredelemnul


Innate Abilities, Weirdness & Mutations

You can breathe blasts of noxious fumes.
Your lurid green scales are hard. (AC +6)
You cannot fit into any form of body armour.
Your system is resistant to poisons. (rPois)
You are cold-blooded and may be slowed by cold attacks.


Message History

Your magical contamination has completely faded away.
You take 4 damage, and have 27/68 hp.
You now have 7/15 mp.
Aiming: Sandblast (safe; 1% risk of failure)
Press: ? - help, Q - select action, (/) - cycle Shift-Dir - straight line, f/p - orc warrior
Aim: an orc warrior, wielding a +0 arbalest and wearing a +0 ring mail (severely wounded, 79% to hit)
The blast of sand hits the orc warrior but does no damage.
The orc warrior is severely wounded.
The orc warrior shoots a bolt.
The bolt hits you but does no damage.
The orc shoots a bolt.
The bolt misses you.
Aiming: Sandblast (safe; 1% risk of failure)
Press: ? - help, Q - select action, (/) - cycle Shift-Dir - straight line, f/p - orc warrior
Aim: an orc warrior, wielding a +0 arbalest and wearing a +0 ring mail (severely wounded, 79% to hit)
The blast of sand hits the orc warrior.
The orc warrior is severely wounded.
The orc warrior shoots a bolt.
The bolt misses you.
You now have 6/15 mp.
Aiming: Sandblast (safe; 1% risk of failure)
Press: ? - help, Q - select action, (/) - cycle Shift-Dir - straight line, f/p - orc warrior
Aim: an orc warrior, wielding a +0 arbalest and wearing a +0 ring mail (severely wounded, 79% to hit)
The blast of sand hits the orc warrior but does no damage.
The orc warrior is severely wounded.
The orc shoots a bolt.
The bolt hits you!
* * * LOW HITPOINT WARNING * * *
The orc warrior shoots a bolt.
The bolt barely misses you.
The orc shoots a bolt.
The bolt barely misses you.
The orc shoots a bolt.
The bolt hits you.
* * * LOW HITPOINT WARNING * * *
The orc warrior shoots a bolt.
The bolt completely misses you.
The orc shoots a bolt.
The bolt closely misses you.
You take 17 damage, and have 11/68 hp.
MASSIVE DAMAGE!!
You now have 5/15 mp.
Okay, then.
As you read the scroll of fog, it crumbles to dust.
The scroll dissolves into smoke.
The orc shoots a bolt.
The bolt closely misses you.
The orc warrior shoots a bolt.
The bolt hits you!
* * * LOW HITPOINT WARNING * * *
The orc shoots a bolt.
The bolt closely misses you.
You take 10 damage, and have 1/68 hp.
The orc shoots a bolt.
The bolt closely misses you.
The orc warrior shoots a bolt.
The bolt hits you!
You die...

###################
.................∩#
.......)........∩.#
......§§§.........#
......§§@.........#
......§§§≈≈≈......#
.....o≈≈###≈≈.....#
.....o≈##.##≈.....#
......o o..#≈.....#
......≈#∩.##≈.....#
......≈##.#≈≈.....#
###...≈ .≈


You could see an orc warrior and 2 orcs.

Vanquished Creatures
  A wyvern (D:7)
  A steam dragon (D:6)
  An orc warrior (Bailey)
  A black bear (D:6)
  A sky beast (D:6)
  An ogre (D:6)
  2 phantoms
  A kobold brigand (D:6)
  3 wights (D:6)
  A howler monkey (D:6)
  4 jellies
  3 hounds
  2 orc priests (D:6)
  5 iguanas
  Jessica (D:3)
  7 adders
  A white imp (D:6)
  An ufetubus (D:5)
  A worm (D:2)
  A dart slug (D:5)
  13 orcs
  3 ball pythons
  3 endoplasms
  3 giant cockroaches
  7 goblins
  A hobgoblin (D:4)
  A jackal (D:4)
  2 quokkas
  6 bats
  2 frilled lizards
  13 kobolds
  2 rats (D:3)
95 creatures vanquished.

Notes
Turn   | Place    | Note
-------+----------+-------------------------------------------
     0 | D:1      | jasper the Draconian Earth Elementalist began the quest for
                  | the Orb.
     0 | D:1      | Reached XP level 1. HP: 14/14 MP: 3/3
   279 | D:2      | Reached XP level 2. HP: 22/22 MP: 0/5
   456 | D:3      | Learned a level 2 spell: Passwall
   482 | D:3      | Noticed Jessica
   492 | D:3      | Killed Jessica
   493 | D:3      | Reached skill level 1 in Fighting
   493 | D:3      | Reached XP level 3. HP: 15/28 MP: 0/6
  1090 | D:4      | Learned a level 3 spell: Stone Arrow
  1225 | D:4      | Reached XP level 4. HP: 35/35 MP: 2/7
  1490 | D:4      | Noticed a phantom
  1511 | D:4      | Killed a phantom
  1512 | D:4      | Reached skill level 1 in Conjurations
  1512 | D:4      | Reached XP level 5. HP: 24/41 MP: 0/9
  1912 | D:5      | Entered Level 5 of the Dungeon
  1929 | D:5      | Reached skill level 2 in Conjurations
  2204 | D:5      | Reached XP level 6. HP: 50/50 MP: 6/10
  3011 | D:6      | Reached skill level 5 in Earth Magic
  3013 | D:6      | Reached skill level 3 in Conjurations
  3144 | D:6      | Your scales start taking on a lurid green colour.
  3144 | D:6      | Reached XP level 7. HP: 34/57 MP: 5/12
  3144 | D:6      | Gained mutation: Your system is resistant to poisons.
                  | (rPois) [Green Draconian growth]
  3249 | D:6      | Reached skill level 4 in Conjurations
  3444 | D:6      | Found a staircase to the Ecumenical Temple.
  3471 | Temple   | Entered the Ecumenical Temple
  3617 | Temple   | Became a worshipper of Vehumet
  4157 | D:1      | Found a faded altar of an unknown god.
  5911 | D:6      | Noticed a steam dragon
  5918 | D:6      | Killed a steam dragon
  5919 | D:6      | Reached XP level 8. HP: 54/66 MP: 1/14
  6153 | D:6      | Reached skill level 5 in Conjurations
  6929 | D:7      | Found a flagged portal.
  7004 | Bailey   | Entered a bailey
  7024 | Bailey   | Reached skill level 5 in Fighting
  7024 | Bailey   | Reached skill level 6 in Conjurations
  7031 | Bailey   | HP: 1/68 [orc warrior/bolt (11)]
  7032 | Bailey   | Shot with a bolt by an orc warrior

Illustrated notes

Levels and vault maps discovered:
D:1:      zaba_arrival_water, layout_basic, ebering_ecumenical_altar_webs
D:2:      layout_basic
D:3:      layout_loops_ring, chequers_arboretum, uniq_jessica
D:4:      layout_basic, kennysheep_generic_room_5
D:5:      layout_loops_ring
D:6:      layout_loops_ring, minmay_temple_entry_overgrown, eino_tiny_chamber,
          hangedman_decor_lopped, hangedman_decor_diamond_cutter
D:7:      layout_gridville, enter_bailey_3, uniq_duvessa
Temple:   mainiacjoe_temple_cubbyholes
Bailey:   bailey_polearm_2, bailey

Skill      XL: |  1  2  3  4  5  6  7  8 |
---------------+-------------------------+-----
Dodging        | 2 3 4 |  4.5
Fighting       | 1 2 3 4 5 |  5.0
Earth Magic    | 4 5 |  5.0
Conjurations   | 1 2 3 4 6 |  6.0
Spellcasting   | 3 4 |  4.7
Stealth        | |  1.7
Transmutations | |  1.0

Action                     |  1- 3 |  4- 6 |  7- 9 || total
---------------------------+-------+-------+-------++-------
  Melee: Short sword       |    10 |    13 |     4 ||    27
         Tailslap          |     3 |       |     1 ||     4
         Unarmed           |     1 |       |       ||     1
   Cast: Sandblast         |    36 |    76 |    97 ||   209
         Stone Arrow       |       |       |     2 ||     2
Ability: Breathe Noxious F |       |       |     5 ||     5
    Use: Scroll            |       |     7 |     4 ||    11
 Armour: Skin              |    15 |    16 |    22 ||    53
  Dodge: Dodged            |    21 |    45 |    70 ||   136

Table legend: (Time is in decaauts)
 A = Elapsed time spent in this place.
 B = Non-inter-level travel time spent in this place.
 C = Inter-level travel time spent in this place.
 D = Time resting spent in this place.
 E = Time spent auto-exploring this place.
 F = Levels seen in this place.
 G = Mean time per level.
                   A        B        C        D        E       F      G
               +--------+--------+--------+--------+--------+-----+--------+
         Total |   7145 |   6631 |    514 |    324 |   5509 |   9 |  793.9 |
       Dungeon |   6888 |   6451 |    437 |    324 |   5374 |   7 |  984.0 |
        Temple |    223 |    146 |     77 |      0 |    132 |   1 |  223.0 |
        Bailey |     32 |     32 |      0 |      0 |      3 |   1 |   32.0 |
               +--------+--------+--------+--------+--------+-----+--------+

Top non-repeatable levels by time:
     D:6: 1579 daAuts
     D:5: 1139 daAuts
     D:2: 1116 daAuts
     D:1: 1015 daAuts
     D:3: 974 daAuts
     D:4: 890 daAuts
  Temple: 223 daAuts
     D:7: 172 daAuts
  Bailey: 32 daAuts
